 Dungeon Crawl Stone Soup version 0.29.0-11-gd7f09526c8 (webtiles) character file.

Game seed: 14601359509642799433

4120 sanka the Nimble (level 10, -2/75 HPs)
             Began as a Djinni Artificer on Sept 5, 2022.
             Was a Priest of Makhleb.
             Slain by a vault guard
             ... wielding a +0 broad axe
              (17 damage)
             ... in a bailey.
             The game lasted 00:17:00 (10949 turns).

sanka the Nimble (Djinni Artificer)                Turns: 10949, Time: 00:17:01

Health: -2/75      AC:  7    Str: 11    XL:     10   Next: 51%
Gold:   388        EV: 16    Int: 17    God:    Makhleb [***...] SH:  0 Dex: 14

rFire   + + .      SeeInvis .   e - +0 scythe
rCold   x . .      Faith    +   (shield currently unavailable)
rNeg    . . .      Spirit   .   x - +0 robe
rPois   ∞          Reflect  .   b - +0 helmet
rElec   .          Harm     .   (no cloak)
rCorr   .          Rampage  .   (no gloves)
Will    +....                   (boots unavailable)
Stlth   ++........              v - amulet of faith
HPRegen 0.22/turn               (no ring)
MPRegen 0.00/turn               D - +4 ring of protection

@: attractive, flying, hasted, very quick
A: sickness immunity, fire resistance 2, cold vulnerability 1, float, innate
caster, HP casting, extra vitality 1
a: Renounce Religion, Minor Destruction, Lesser Servant of Makhleb


You were in a bailey.
You worshipped Makhleb.
Makhleb was most pleased with you.
You visited 2 branches of the dungeon, and saw 8 of its levels.
You also visited: Bailey.

You collected 388 gold pieces.


Innate Abilities, Weirdness & Mutations

You are immune to sickness and miasma.
You are immune to poison.
Your flesh is very heat resistant. (rF++)
You are vulnerable to cold. (rC-)
You float through the air rather than walking.
You learn spells naturally, not from books.
Your magical power is your life essence.
You have superior vitality. (+4 MHP)


   Skills:
 + Level 7.2 Fighting
 - Level 1.0 Armour
 + Level 8.3 Dodging
 - Level 0.7 Stealth
 + Level 6.6 Spellcasting
 + Level 5.2 Invocations
 - Level 3.0 Evocations


You had 13 spell levels left.
You knew the following spells:

 Your Spells              Type           Power      Damage    Failure   Level
b - Blink                 Tloc           56%        N/A       1%          2
y - Ensorcelled Hibernat  Hex/Ice        56%        N/A       1%          2
z - Freeze                Ice            100%       1d11      1%          1
X - Olgreb's Toxic Radia  Pois           28%        N/A       8%          4
Your spell library was empty.

Inventory:

Hand Weapons
 e - a +0 scythe (weapon)
 y - a +2 whip of electrocution
Armour
 b - a +0 helmet (worn)
 x - a +0 robe (worn)
Magical Staves
 A - a staff of earth
Jewellery
 v - an amulet of faith (around neck)
 D - a +4 ring of protection (right hand)
Wands
 d - a wand of charming (10)
Scrolls
 a - 3 scrolls of teleportation {@r4}
 g - 2 scrolls of amnesia
 i - a scroll of enchant armour
 j - 4 scrolls of fear
 n - 3 scrolls of blinking
 p - a scroll of noise {unknown}
 t - a scroll of brand weapon {unknown}
 w - 2 scrolls of vulnerability {!r}
 z - a scroll of poison
 B - a scroll of magic mapping
Potions
 c - 2 potions of brilliance {unknown}
 f - 2 potions of flight {unknown}
 h - 5 potions of attraction {!q}
 k - a potion of lignification {unknown}
 l - 4 potions of heal wounds {unknown}
 m - 5 potions of mutation {unknown}
 o - 5 potions of curing {unknown}
 q - 3 potions of might {unknown}
 s - 2 potions of cancellation {unknown}
 u - a potion of haste {@q3}
 C - a potion of resistance {unknown}

Dungeon Overview and Level Annotations

Branches:
Dungeon (7/15)             Temple (1/1) D:4          Bailey (1/1)

Altars:
Ashenzari
Cheibriados
Fedhas
Gozag
Hepliaklqana
Makhleb
Nemelex Xobeh
Okawaru
Qazlal
Uskayaw
Xom

≈▒ ▒▒▒▒▒▒▒▒▒
~≈≈▒▒▒▒≈≈▒....▒▒
~~~≈≈≈≈~~▒4.4..▒▒
...~)~~..'..▒...▒
.........▒..▒...▒
.....~≈≈≈▒..▒▒..▒
....~≈▒▒▒▒▒▒▒...▒
~~~~~ ▒..Rp...▒▒▒▒▒
~~~~ ▒...#.4▒▒...▒▒
~~~ ▒▒'▒..#.)..∩..▒
≈≈
▒▒▒..▒▒▒▒▒▒.....▒ ▒
▒▒▒....▒▒~~~'..∩..▒
▒.....)▒~~~)▒▒...▒▒
▒▒.....'~~))~▒▒▒▒▒
▒▒....▒)~~~~▒
▒▒...▒▒~~~▒▒


You could see a vault guard (fast, ally target) and a friendly hellwing
(summoned).


Message History

Your hellwing hits the vault guard but does no damage.
Your hellwing closely misses the vault guard.
Your hellwing hits the vault guard but does no damage.
Unknown command.
The vault guard attacks as you move away!
The vault guard hits you with a +0 broad axe!
* * * LOW HITPOINT WARNING * * *
The vault guard hits your hellwing with a +0 broad axe.
The vault guard hits your hellwing but does no damage.
The vault guard hits your hellwing with a +0 broad axe!
Your hellwing hits the vault guard.
Your hellwing closely misses the vault guard.
Your hellwing hits the vault guard but does no damage.
Your hellwing closely misses the vault guard.
The vault guard hits your hellwing but does no damage.
Your hellwing barely misses the vault guard.
Your hellwing hits the vault guard! Your hellwing hits the vault guard.
Your hellwing hits the vault guard but does no damage.
The vault guard hits your hellwing with a +0 broad axe!!
Your hellwing dies!
The vault guard hits your hellwing but does no damage.
Your hellwing hits the vault guard but does no damage.
Your hellwing hits the vault guard but does no damage.
Unknown command.
It was a potion of attraction.
You feel attractive to monsters.
You feel yourself speed up.
The vault guard hits you with a +0 broad axe!
You die...

Action                   |  1- 3 |  4- 6 |  7- 9 | 10-12 || total
-------------------------+-------+-------+-------+-------++-------
Melee: Club              |    34 |       |       |       ||    34
       Flail             |     2 |     2 |    18 |       ||    22
       Whip              |       |       |     1 |       ||     1
       Punch             |       |       |     1 |       ||     1
       Halberd           |       |       |    30 |     2 ||    32
 Cast: Freeze            |    38 |    82 |   202 |    54 ||   376
       Olgreb's Toxic Ra |       |       |     2 |     6 ||     8
Invok: Minor Destruction |       |       |    25 |     2 ||    27
       Lesser Servant of |       |       |       |     3 ||     3
Evoke: Wand              |     4 |    18 |     8 |       ||    30
  Use: Scroll            |       |       |     8 |       ||     8
       Potion            |       |       |       |     2 ||     2
Armor: Leather armour    |    17 |    16 |       |       ||    33
       Robe              |       |     6 |    31 |     9 ||    46
Dodge: Dodged            |    38 |    61 |   178 |    36 ||   313

Levels and vault maps discovered:
D:1:      ncdulo_lavacross, layout_basic, minmay_ruptured
D:2:      layout_loops_ring, basic_altar, kennysheep_boxes
D:3:      layout_rooms, nicolae_ecumenical_pavilion, uniq_pargi, uniq_terence
D:4:      layout_loops_ring, minmay_temple_entry_steel_oval, grunt_ministairs_6,
          lightli_corner_chamber, uniq_natasha, uniq_robin, uniq_sigmund
D:5:      layout_basic, mainiacjoe_overflow_alcove_3,
          nicolae_overflow_two_pavilions
D:6:      layout_cave_pools, old_standard_altar, old_standard_altar,
          mainiacjoe_overflow_paths, mainiacjoe_overflow_alcove_1,
          minmay_misc_feat_columns, kennysheep_crisscross, glass_columns_b,
          solitary_fountain, minmay_tree_intersection,
          chequers_serial_rivers_micro_d, uniq_grinder
D:7:      layout_loops_cross, mainiacjoe_overflow_concentric_impassable,
          enter_bailey_5, uniq_prince_ribbit1
Temple:   hellmonk_temple_beads
Bailey:   bailey_axe_froggy_fort_hellmonk, bailey

Notes
Turn   | Place    | Note
-------+----------+-------------------------------------------
     0 | D:1      | sanka the Djinni Artificer began the quest for the Orb.
     0 | D:1      | Reached XP level 1. HP: 17/17 MP: 0/0
    24 | D:1      | Reached XP level 2. HP: 22/22 MP: 0/0
   411 | D:1      | Reached XP level 3. HP: 28/28 MP: 0/0
   411 | D:1      | Learned a level 1 spell: Freeze
   606 | D:1      | Reached skill level 1 in Spellcasting
  1706 | D:2      | Found a burning altar of Makhleb.
  1716 | D:2      | Became a worshipper of Makhleb the Destroyer
  1935 | D:2      | Reached XP level 4. HP: 29/33 MP: 0/0
  2218 | D:2      | Reached skill level 2 in Spellcasting
  2606 | D:3      | Found a faded altar of an unknown god.
  2818 | D:3      | Reached XP level 5. HP: 36/38 MP: 0/0
  2818 | D:3      | Learned a level 2 spell: Ensorcelled Hibernation
  3055 | D:3      | Noticed Terence
  3072 | D:3      | Your ally Terence died
  3073 | D:3      | Reached skill level 3 in Spellcasting
  3803 | D:3      | Noticed Pargi
  3810 | D:3      | Killed Pargi
  3811 | D:3      | Reached XP level 6. HP: 40/43 MP: 0/0
  3868 | D:4      | Reached * piety under Makhleb
  4024 | D:4      | Noticed an ice beast
  4024 | D:4      | Noticed an ogre
  4067 | D:4      | Found a staircase to the Ecumenical Temple.
  4130 | D:4      | Noticed an ice beast
  4151 | D:4      | Noticed Natasha
  4151 | D:4      | Noticed Robin
  4155 | D:4      | Reached skill level 4 in Spellcasting
  4164 | D:4      | HP: 2/43 [goblin/+0 club[Robin] (3)]
  4169 | Temple   | Entered the Ecumenical Temple
  4468 | Temple   | Killed Robin
  4511 | D:4      | Killed Natasha
  4546 | D:4      | Noticed an ogre
  4555 | D:4      | Killed an ogre
  4556 | D:4      | Reached XP level 7. HP: 36/48 MP: 0/0
  4556 | D:4      | Learned a level 2 spell: Blink
  4647 | D:4      | Reached skill level 5 in Spellcasting
  4801 | D:4      | Reached skill level 2 in Fighting
  4801 | D:4      | Reached skill level 3 in Dodging
  5009 | D:4      | Noticed Natasha
  5021 | D:4      | Killed Natasha
  5295 | D:4      | Noticed Natasha
  5386 | D:4      | Reached ** piety under Makhleb
  5387 | D:4      | Reached skill level 3 in Fighting
  5387 | D:4      | Reached skill level 4 in Dodging
  5407 | D:4      | Killed Natasha
  5408 | D:4      | Reached XP level 8. HP: 39/56 MP: 0/0
  5453 | D:4      | HP: 2/56 [ice beast (7)]
  6127 | D:4      | Noticed Sigmund
  6145 | D:4      | Killed Sigmund
  6146 | D:4      | Reached skill level 4 in Fighting
  6146 | D:4      | Reached skill level 5 in Dodging
  6546 | D:5      | Entered Level 5 of the Dungeon
  6562 | D:5      | Found a hazy altar of Hepliaklqana.
  6563 | D:5      | Found a stormy altar of Qazlal.
  6564 | D:5      | Found a blossoming altar of Fedhas.
  7428 | D:5      | Reached skill level 5 in Fighting
  7565 | D:5      | Reached skill level 1 in Invocations
  7582 | D:5      | Found a broken altar of Ashenzari.
  7583 | D:5      | Found a sparkling altar of Nemelex Xobeh.
  7623 | D:5      | Reached skill level 6 in Dodging
  7623 | D:5      | Reached XP level 9. HP: 49/65 MP: 0/0
  7623 | D:5      | Learned a level 4 spell: Olgreb's Toxic Radiance
  7970 | D:5      | Reached skill level 2 in Invocations
  8488 | D:6      | Found a hide-covered altar of Uskayaw.
  8886 | D:6      | Reached *** piety under Makhleb
  8958 | D:6      | Reached skill level 3 in Invocations
  9084 | D:6      | Reached skill level 6 in Fighting
  9410 | D:6      | Reached skill level 7 in Dodging
  9536 | D:6      | Found a shimmering altar of Xom.
  9536 | D:6      | Noticed Grinder
  9545 | D:6      | Killed Grinder
  9546 | D:6      | Reached skill level 6 in Spellcasting
  9617 | D:6      | Found a snail-covered altar of Cheibriados.
  9693 | D:6      | Found an iron altar of Okawaru.
  9814 | D:7      | Found an opulent altar of Gozag.
 10003 | D:7      | Found a flagged portal.
 10014 | D:7      | Reached skill level 4 in Invocations
 10120 | Bailey   | Entered a bailey
 10128 | Bailey   | Reached XP level 10. HP: 70/73 MP: 0/0
 10635 | Bailey   | Reached **** piety under Makhleb
 10638 | Bailey   | Reached skill level 7 in Fighting
 10638 | Bailey   | Reached skill level 8 in Dodging
 10642 | Bailey   | Reached skill level 5 in Invocations
 10922 | Bailey   | Noticed a vault guard
 10949 | Bailey   | Slain by a vault guard

Vanquished Creatures
  A blink frog (Bailey)
  Grinder (D:6)
  Sigmund (D:4)
  5 humans (Bailey)
  2 black bears
  2 ice beasts
  Pargi (D:3)
  An orc warrior (D:7)
  4 ogres
  2 phantoms (D:6)
  A kobold brigand (D:6)
  10 bullfrogs
  2 scorpions
  3 killer bees (D:6)
  A hound (D:5)
  3 jellies
  2 orc priests
  A gnoll bouda (D:5)
  5 iguanas
  Terence (D:3)
  Natasha (twice) (D:4)
  2 orc wizards
  Robin (Temple)
  16 gnolls
  4 adders
  2 ufetubi
  A worm (D:5)
  2 dart slugs
  13 orcs
  3 ball pythons
  2 endoplasms
  3 giant cockroaches
  17 goblins
  11 hobgoblins
  3 jackals (D:3)
  7 quokkas
  3 bats
  3 frilled lizards
  14 kobolds
  7 rats
165 creatures vanquished.

Vanquished Creatures (collateral kills)
  A hound (D:4)
  An iguana (D:4)
  Natasha (D:4)
  A gnoll (D:4)
  6 goblins (D:4)
  2 hobgoblins (D:4)
12 creatures vanquished.

Vanquished Creatures (others)
  An ice beast (D:4)
1 creature vanquished.

Grand Total: 178 creatures vanquished
